 Dungeon Crawl Stone Soup version 0.30-a0-377-g5cb311bc9f (webtiles) character file.

Game seed: 14452816329599378591

59 tio the Caller (level 3, 0/20 HPs)
             Began as a Deep Elf Summoner on Nov 27, 2022.
             Was a Follower of Wu Jian.
             Succumbed to an adder's poison
             ... on level 2 of the Dungeon.
             The game lasted 00:47:12 (1490 turns).

tio the Caller (Deep Elf Summoner)                  Turns: 1490, Time: 00:47:12

Health: 0/20       AC:  2    Str:  7    XL:     3   Next: 78%
Magic:  10/10      EV: 12    Int: 19    God:    Wu Jian [*.....]
Gold:   95         SH:  4    Dex: 15    Spells: 8/9 levels left

rFire   x . .      SeeInvis .    c - +3 short sword
rCold   . . .      Faith    .    h - +0 buckler
rNeg    . . .      Spirit   .    a - +0 robe
rPois   .          Reflect  .    (no helmet)
rElec   .          Harm     .    (no cloak)
rCorr   .          Rampage  .    (no gloves)
Will    .....                    (no boots)
Stlth   ++........               (no amulet)
HPRegen 1.03/turn                (no ring)
MPRegen 0.12/turn                (no ring)

@: lethally poisoned (0 -> -1)
A: sense surroundings 1, regeneration 1, robust 1, wild magic 1, heat
vulnerability 1
a: Renounce Religion


You were on level 2 of the Dungeon.
You worshipped Wu Jian.
Wu Jian was aware of your devotion.
You visited 1 branch of the dungeon, and saw 2 of its levels.

You collected 95 gold pieces.

Inventory:

Hand Weapons
 c - a +3 short sword (weapon)
 d - a +0 war axe
Armour
 a - a +0 robe (worn)
 h - a +0 buckler (worn)
Scrolls
 b - a scroll of amnesia
 e - a scroll of vulnerability {unknown}
 f - a scroll of immolation
 g - a scroll of magic mapping
 i - a scroll of noise {unknown}
 j - a scroll of teleportation {unknown}
 k - a scroll of silence {unknown}
 l - a scroll of blinking {unknown}


   Skills:
 + Level 0.1 Fighting
 + Level 3.1 Dodging
 + Level 2.6 Stealth
 + Level 0.5 Shields
 * Level 0.1 Unarmed Combat
 + Level 3.8 Spellcasting
 + Level 5.0 Summonings


You had 8 spell levels left.
You knew the following spells:

 Your Spells              Type           Power      Damage    Failure   Level
a - Summon Small Mammal   Summ           100%       N/A       4%          1

Your spell library contained the following spells:

 Spells                   Type           Power      Damage    Failure   Level
 Call Imp                 Summ           29%        N/A       6%          2
 Call Canine Familiar     Summ           29%        N/A       11%         3
 Magic Dart               Conj           16%        1d3       26%         1
 Summon Guardian Golem    Hex/Summ       17%        N/A       28%         3
 Searing Ray              Conj           8%         2d4       36%         2
 Summon Lightning Spire   Summ/Air       17%        N/A       65%         4
 Fulminant Prism          Conj/Hex       2%         3d5       92%         4


Dungeon Overview and Level Annotations

Branches:
Dungeon (2/15)

Altars:
Wu Jian


Innate Abilities, Weirdness & Mutations

You passively map a small area around you.
Your natural rate of healing is unusually fast.
You are robust. (+10% HP)
Your spells are a little harder to cast, but a little more powerful.
You are vulnerable to heat. (rF-)


Message History

You barely miss the adder.
The adder is severely wounded.
The adder closely misses you. The kobold hits you with a +0 club.
The adder barely misses you.
You closely miss the adder.
The adder is severely wounded.
The kobold completely misses you. The adder bites you.
You are poisoned.
The adder poisons you! The kobold hits you with a +0 club.
You closely miss the adder.
The adder is severely wounded.
You feel sick. The adder closely misses you.
The kobold hits you with a +0 club.
You hit the kobold.
The kobold is severely wounded.
You feel sick. The adder bites you but does no damage. The adder bites you.
You are more poisoned.
The adder poisons you! The kobold misses you.
You closely miss the kobold.
The kobold is severely wounded.
You feel sick. The adder bites you.
* * * LOW HITPOINT WARNING * * *
The kobold barely misses you.
You hit the kobold but do no damage.
The kobold is severely wounded.
You feel sick. The adder bites you but does no damage.
The kobold hits you with a +0 club.
* * * LOW HITPOINT WARNING * * *
The adder bites you but does no damage.
You hit the kobold.
You kill the kobold!
The Council accepts your kill.
You feel sick. The adder barely misses you.
You miss the adder.
The adder is severely wounded.
You feel sick. The adder bites you.
* * * LOW HITPOINT WARNING * * *
You closely miss the adder.
The adder is severely wounded.
You die...

#.....# *...#..........
####.....# ###.... ###..........
#........####.....# #..........
#.....#...........* #..........
#.....#...###..... ##..........
#.....#...# *#...# #....###....
#.....#...### #..# *#..........
#.........[.###.)########.####...
#...........#..S@................
#...........#...###..####..####..
#...........#...# ##.#,,...# #..
............#...# #.# ##.## *###
...[........#...# #...##..
............#...# ##..#### ####
.#####..)...##### *#...# #...
.#####......##########.#.# #...
.#..........#............# #...


You could see an adder.

Vanquished Creatures
  An adder (D:2)
  A gnoll (D:1)
  2 endoplasms (D:2)
  4 goblins
  3 kobolds
  2 quokkas (D:1)
  2 bats (D:2)
  3 frilled lizards
  2 rats (D:2)
20 creatures vanquished.

Vanquished Creatures (collateral kills)
  5 endoplasms
  3 goblins
  A hobgoblin (D:2)
  4 jackals (D:2)
  A frilled lizard (D:2)
  2 rats
16 creatures vanquished.

Grand Total: 36 creatures vanquished

Notes
Turn   | Place    | Note
-------+----------+-------------------------------------------
     0 | D:1      | tio the Deep Elf Summoner began the quest for the Orb.
     0 | D:1      | Reached XP level 1. HP: 10/10 MP: 6/6
   162 | D:1      | Gained mutation: Your flesh is cold resistant. (rC+)
                  | [potion of mutation]
   163 | D:1      | Lost mutation: Your flesh is cold resistant. (rC+) [potion
                  | of mutation]
   163 | D:1      | Gained mutation: You passively map a small area around you.
                  | [potion of mutation]
   163 | D:1      | Gained mutation: You are robust. (+10% HP) [potion of
                  | mutation]
   163 | D:1      | Gained mutation: Your spells are a little harder to cast,
                  | but a little more powerful. [potion of mutation]
   163 | D:1      | Gained mutation: Your natural rate of healing is unusually
                  | fast. [potion of mutation]
   322 | D:1      | Reached XP level 2. HP: 16/16 MP: 4/8
   643 | D:1      | Gained mutation: You are vulnerable to heat. (rF-)
                  | [mutagenic glow]
   682 | D:1      | Found a faded altar of an unknown god.
   702 | D:1      | Prayed at the altar of an unknown god.
   702 | D:1      | Became a worshipper of the Wu Jian Council
   702 | D:1      | Reached * piety under Wu Jian
  1028 | D:2      | Reached XP level 3. HP: 20/20 MP: 6/9
  1040 | D:2      | HP: 1/20 [kobold/+3 short sword (3)]
  1235 | D:2      | Reached skill level 5 in Summonings
  1489 | D:2      | HP: 1/20 [adder (1)]
  1490 | D:2      | Succumbed to an adder's poison

Illustrated notes

Levels and vault maps discovered:
D:1:      dpeg_arrival_simpleton_a, layout_basic,
          shapermc_ecumenical_altar_venn, kennysheep_nondescript,
          minmay_misc_feat_encased
D:2:      layout_basic, chequers_decorated_corner,
          hangedman_abyss_or_decor_lesser_grid

Skill      XL: |  1  2  3 |
---------------+----------+-----
Dodging        | 3 |  3.1
Summonings     | 5 |  5.0
Fighting       | |  0.1
Stealth        | |  2.6
Shields        | |  0.5
Unarmed Combat | |  0.1
Spellcasting   | |  3.8

Action                   || total
-------------------------++-------
Melee: Dagger            ||    79
       Unarmed           ||     4
       Short sword       ||    40
 Cast: Summon Small Mamm ||    26
Invok: Whirlwind         ||     6
       Lunge             ||     5
  Use: Potion            ||     7
       Scroll            ||     5
 Stab: Sleeping          ||     2
Armor: Chain mail        ||    52
       Robe              ||     9
Dodge: Dodged            ||    57
Block: Buckler           ||    19

Table legend: (Time is in decaauts)
 A = Elapsed time spent in this place.
 B = Non-inter-level travel time spent in this place.
 C = Inter-level travel time spent in this place.
 D = Time resting spent in this place.
 E = Time spent auto-exploring this place.
 F = Levels seen in this place.
 G = Mean time per level.
                   A        B        C        D        E       F      G
               +--------+--------+--------+--------+--------+-----+--------+
         Total |   1494 |    683 |    811 |      0 |    102 |   2 |  747.0 |
       Dungeon |   1494 |    683 |    811 |      0 |    102 |   2 |  747.0 |
               +--------+--------+--------+--------+--------+-----+--------+

Top non-repeatable levels by time:
     D:1: 927 daAuts
     D:2: 567 daAuts
